 Dungeon Crawl Stone Soup version 0.31-a0-460-g9e667d4245 (webtiles) character file.

Game seed: 9502306038020560758

78 Gelion the Changeling (level 4, 0/29 HPs)
             Began as an Octopode Shapeshifter on Aug 5, 2023.
             Succumbed to an adder's poison
             ... on level 2 of the Dungeon.
             The game lasted 00:01:50 (1216 turns).

Gelion the Changeling (Octopode Shapeshifter)       Turns: 1216, Time: 00:01:50

Health: 0/29       AC:  1    Str: 14    XL:     4   Next: 36%
Magic:  4/4        EV: 13    Int: 10    God:
Gold:   80         SH:  0    Dex: 14    Spells: 3/3 levels left

rFire   . .          .
                       - Unarmed
rCold   . . .        (no shield)
rNeg    . . .        (helmet currently unavailable)
rPois   .            (no amulet)
rElec   .            (no ring)
rCorr   .            (no ring)
SInv    .            (no ring)
Will    .....        (no ring)
Stlth   ++           (no ring)
HPRegen 0.24/turn    (no ring)
MPRegen 0.09/turn    (no ring)
                     (no ring)

%: no passive effects
@: lethally poisoned (0 -> -3), beast-form
A: beast (slay +2), almost no armour, amphibious, 8 rings, camouflage 1,
gelatinous body 1, (nimble swimmer 1), tentacles
a: Begin Untransformation


You were on level 2 of the Dungeon.
You were a hulking beast.
You visited 1 branch of the dungeon, and saw 2 of its levels.

You collected 80 gold pieces.

Inventory:

Talismans
 b - a beast talisman (active)
Potions
 a - a potion of lignification
 c - a potion of curing {unknown}
 d - 2 potions of heal wounds {unknown}
 e - a potion of enlightenment {unknown}


   Skills:
 + Level 2.1 Fighting
 - Level 2.0 Dodging
 + Level 3.5 Unarmed Combat
 * Level 3.8 Shapeshifting


You had 3 spell levels left.
You didn't know any spells.
Your spell library contained the following spells:

 Spells                   Type           Power      Damage    Failure   Level
 Magic Dart               Conj           0%         1d3       36%         1
 Call Imp                 Summ           0%         N/A       50%         2
 Mephitic Cloud           Conj/Pois/Air  0%         N/A       75%         3


Dungeon Overview and Level Annotations

Branches:
Dungeon (2/15)

Altars:
Xom


Innate Abilities, Weirdness & Mutations

You are a hulking beast.
Your limbs bulge with bestial killing power. (Slay +2)
You cannot wear most types of armour.
You are amphibious.
You can wear up to eight rings at the same time.
Your skin changes colour to match your surroundings (Stealth+).
Your rubbery body absorbs attacks. (AC +1, EV +1)
((You are camouflaged when in or above water. (Stealth+)))
You have tentacles for arms and can constrict up to eight enemies at once.


Message History

You squeeze the frilled lizard.
You kill the frilled lizard!
You tentacle-slap the adder. Your grab misses the adder.
The adder is moderately wounded.
The adder barely misses you. The frilled lizard bites you.
You miss the adder. Your grab misses the adder.
The adder is moderately wounded.
The adder misses you. The frilled lizard barely misses you.
You tentacle-slap the adder. You grab the adder.
The adder is heavily wounded.
You constrict the adder. The adder bites you. x2
You tentacle-slap the adder but do no damage.
The adder is heavily wounded.
You constrict the adder. The frilled lizard closely misses you.
The adder closely misses you. x2
You tentacle-slap the adder but do no damage.
You squeeze the adder.
You kill the adder!
The adder barely misses you. The frilled lizard barely misses you.
The adder bites you.
You miss the adder. Your grab misses the adder.
Your tentacle-slap misses the adder.
The frilled lizard closely misses you. The adder bites you.
You are poisoned.
The adder poisons you!
You are too injured to fight recklessly!
You are too injured to fight recklessly!
You barely miss the adder. Your grab misses the adder. You squeeze the adder.
The adder is heavily wounded.
You feel sick. The frilled lizard barely misses you. The adder bites you.
* * * LOW HITPOINT WARNING * * *
You bludgeon the adder!
You kill the adder!
You feel sick. The frilled lizard bites you.
* * * LOW HITPOINT WARNING * * *
* * * LOW HITPOINT WARNING * * *
You feel sick. The frilled lizard bites you.
* * * LOW HITPOINT WARNING * * *
You see here an adder corpse.
You die...

####...## .. ... #...
.#. .... ##+# ## ...
.....# #!.S #.# .....#
#... #.###......
#?.##.........#####..
?.###..................
......†lh...##........
. ..###.!†...##<.......
.. #......##.....####..
#......##...._......
#.....)##.......#.#.
#......)............
#......###......#.#)
#......# #..........
#!.....# #..........


You could see a frilled lizard.

Vanquished Creatures
  3 adders (D:2)
  A worm (D:2)
  A dart slug (D:2)
  5 endoplasms
  4 giant cockroaches (D:1)
  5 goblins
  3 hobgoblins (D:1)
  5 ball pythons
  4 bats
  7 frilled lizards
  6 kobolds
  2 rats (D:1)
46 creatures vanquished.

Notes
Turn   | Place    | Note
-------+----------+-------------------------------------------
     0 | D:1      | Gelion the Octopode Shapeshifter began the quest for the
                  | Orb.
     0 | D:1      | Reached XP level 1. HP: 13/13 MP: 1/1
    96 | D:1      | Reached XP level 2. HP: 12/18 MP: 2/2
   300 | D:1      | You fall into a shaft and drop 1 floor!
   301 | D:2      | Found a shimmering altar of Xom.
   476 | D:1      | Reached XP level 3. HP: 22/23 MP: 3/3
  1136 | D:2      | Found a faded altar of an unknown god.
  1170 | D:2      | Reached XP level 4. HP: 14/29 MP: 4/4
  1215 | D:2      | HP: 1/29 [frilled lizard (3)]
  1216 | D:2      | Succumbed to an adder's poison

Illustrated notes

Levels and vault maps discovered:
D:1:      grunt_arrival_crossed_arrows, layout_basic, minmay_misc_feat_tower
D:2:      layout_basic, basic_ecumenical_altar, basic_altar, serial_glass,
          glass_columns_a, glass_columns_a, minmay_tetromino_l4

Skill      XL: |  1  2  3 |
---------------+----------+-----
Fighting       | 2 |  2.1
Dodging        | |  2.0
Unarmed Combat | |  3.5
Shapeshifting  | |  3.8

Action                     |  1- 3 |  4- 6 || total
---------------------------+-------+-------++-------
  Melee: Unarmed           |    69 |    11 ||    80
         Constrict         |    19 |     2 ||    21
         Tentacles         |    12 |     3 ||    15
         Punch             |     3 |       ||     3
    Use: Scroll            |     2 |       ||     2
   Stab: Sleeping          |     6 |       ||     6
 Armour: Skin              |     6 |     1 ||     7
  Dodge: Dodged            |    45 |    11 ||    56

Table legend: (Time is in decaauts)
 A = Elapsed time spent in this place.
 B = Non-inter-level travel time spent in this place.
 C = Inter-level travel time spent in this place.
 D = Time resting spent in this place.
 E = Time spent auto-exploring this place.
 F = Levels seen in this place.
 G = Mean time per level.
                   A        B        C        D        E       F      G
               +--------+--------+--------+--------+--------+-----+--------+
         Total |   1212 |   1159 |     53 |      0 |    920 |   2 |  606.0 |
       Dungeon |   1212 |   1159 |     53 |      0 |    920 |   2 |  606.0 |
               +--------+--------+--------+--------+--------+-----+--------+

Top non-repeatable levels by time:
     D:1: 871 daAuts
     D:2: 340 daAuts
